 Dungeon Crawl Stone Soup version 0.27.0-1-g7a089689b8 (webtiles) character file.

Game seed: 341024107768464248

114 Thatpatchoflichen the Grasshopper (level 4, 0/38 HPs)
             Began as a Gnoll Warper on Aug 18, 2021.
             Killed from afar by an orc wizard (7 damage)
             ... with a puff of flame
             ... on level 3 of the Dungeon.
             The game lasted 00:08:12 (3393 turns).

Thatpatchoflichen the Grasshopper (Gnoll Warper)    Turns: 3393, Time: 00:08:13

Health: 0/38       AC:  4    Str: 10    XL:     4   Next: 98%
Magic:  11/11      EV: 13    Int: 13    God:
Gold:   85         SH:  0    Dex: 12    Spells: 2/13 levels left

rFire    . . .     SeeInvis .   a - +0 falchion
rCold    . . .     Faith    .   (no shield)
rNeg     . . .     Spirit   .   b - +0 leather armour
rPois    .         Reflect  .   (no helmet)
rElec    .         Harm     .   (no cloak)
rCorr    .         Rampage  .   g - +0 pair of gloves
Will     .....                  (no boots)
Stlth    +.........             (no amulet)
HPRegen  0.12/turn              s - ring of wizardry
MPRegen  0.12/turn              (no ring)

@: no status effects
A: fangs 1, strong nose, distributed training
a: no special abilities


You were on level 3 of the Dungeon.
You visited 1 branch of the dungeon, and saw 3 of its levels.

You collected 85 gold pieces.

Inventory:

Hand Weapons
 a - a +0 falchion (weapon)
 k - a +0 dagger of protection
Missiles
 d - 5 boomerangs of dispersal (quivered)
 p - 42 sling bullets
 q - 23 stones
 u - 27 arrows
 x - 8 poisoned darts
Armour
 b - a +0 leather armour (worn)
 g - a +0 pair of gloves (worn)
 m - a +0 ring mail
 o - a +0 scale mail
Magical Staves
 l - a staff of fire
Jewellery
 s - a ring of wizardry (left hand)
Wands
 n - a wand of charming (11)
Scrolls
 c - a scroll of blinking
 e - 2 scrolls of enchant armour {unknown}
 f - a scroll of magic mapping {unknown}
 j - 3 scrolls of identify {unknown}
 w - a scroll of holy word {unknown}
Potions
 h - 3 potions of curing {unknown}
 i - a potion of haste {unknown}
 r - 2 potions of lignification {unknown}
 t - a potion of might {unknown}
 v - 2 potions of cancellation {unknown}


   Skills:
 + Level 4.7 Fighting
 + Level 1.3 Short Blades
 + Level 4.7 Long Blades
 + Level 1.3 Axes
 + Level 1.3 Maces & Flails
 + Level 1.3 Polearms
 + Level 1.3 Staves
 + Level 1.3 Slings
 + Level 1.3 Bows
 + Level 1.3 Crossbows
 + Level 2.8 Throwing
 + Level 2.8 Armour
 + Level 4.7 Dodging
 + Level 1.3 Stealth
 + Level 1.3 Shields
 + Level 1.3 Unarmed Combat
 + Level 5.1 Spellcasting
 + Level 1.0 Conjurations
 + Level 1.0 Hexes
 + Level 1.0 Summonings
 + Level 1.0 Necromancy
 + Level 5.5 Translocations
 + Level 1.0 Transmutations
 + Level 1.0 Fire Magic
 + Level 1.0 Ice Magic
 + Level 1.0 Air Magic
 + Level 1.0 Earth Magic
 + Level 1.0 Poison Magic
 + Level 1.4 Invocations
 + Level 1.3 Evocations


You had 2 spell levels left.
You knew the following spells:

 Your Spells              Type           Power      Damage    Failure   Level
a - Blink                 Tloc           N/A        N/A       1%          2
b - Gell's Gravitas       Tloc           8%         N/A       3%          3
c - Lesser Beckoning      Tloc           8%         N/A       3%          3
d - Teleport Other        Tloc           17%        N/A       3%          3

Your spell library contained the following spells:

 Spells                   Type           Power      Damage    Failure   Level
 Manifold Assault         Tloc           17%        N/A       26%         5


Dungeon Overview and Level Annotations

Branches:
Dungeon (3/15)

Altars:

Shops:
D:2 ?!?=(


Innate Abilities, Weirdness & Mutations

You have very sharp teeth.
Your uncanny sense of smell can sniff out nearby items.
Your experience applies equally to all skills.


Message History

You barely miss the orc wizard.
The orc wizard is lightly wounded.
The orc hits you but does no damage.
The orc wizard hits you with a +3 dagger.
The orc hits you with a +0 dagger.
You hit the orc wizard.
The orc wizard is heavily wounded.
The orc wizard completely misses you.
You riposte.
You closely miss the orc wizard.
The orc wizard is heavily wounded.
The orc hits you with a +0 dagger.
You hit the orc wizard. Your bite misses the orc wizard.
The orc wizard is heavily wounded.
The orc wizard closely misses you. The orc closely misses you.
The orc wizard hits you with a +3 dagger.
* * * LOW HITPOINT WARNING * * *
You hit the orc wizard.
You bite the orc wizard, but do no damage.
The orc wizard is heavily wounded.
The orc barely misses you. The orc wizard barely misses you.
The orc hits you but does no damage.
The orc wizard hits you with a +3 dagger.
* * * LOW HITPOINT WARNING * * *
Things that are here:
a +0 club; an orc corpse You hit the orc.
Your bite misses the orc.
The orc is lightly wounded.
The orc hits you with a +0 dagger.
* * * LOW HITPOINT WARNING * * *
You hit the orc.
You kill the orc!
You closely miss the orc wizard.
The orc wizard is heavily wounded.
The orc wizard hits you but does no damage.
You completely miss the orc wizard.
You bite the orc wizard, but do no damage.
The orc wizard is heavily wounded.
The orc wizard points at you and mumbles some strange words.
The puff of flame hits you!
You die...

#.## #..## #
##..### .#
##...# .##
###.## ..#
#... #.# #####
#.# #.... #@#
#.... # #o##
#.... #.#).###
#....
#....).###
#....
#...##.##...##
#...≈ #..
#.####..###
###.≈ #. #.#
##...# ##≈ #.
#.# ###.# ## .
#.# #.## #>


You could see an orc wizard.

Vanquished Creatures
  4 adders
  An adder skeleton (D:3)
  A worm (D:3)
  2 dart slugs (D:1)
  3 orcs (D:3)
  5 ball pythons
  9 endoplasms
  5 giant cockroaches
  7 goblins
  2 hobgoblins
  4 quokkas
  3 bats
  3 frilled lizards
  8 kobolds
  5 rats
62 creatures vanquished.

Vanquished Creatures (others)
  A plant (D:1)
1 creature vanquished.

Grand Total: 63 creatures vanquished

Notes
Turn   | Place    | Note
-------+----------+-------------------------------------------
     0 | D:1      | Thatpatchoflichen the Gnoll Warper began the quest for the
                  | Orb.
     0 | D:1      | Reached XP level 1. HP: 20/20 MP: 6/6
   292 | D:1      | Found a faded altar of an unknown god.
   499 | D:1      | Reached XP level 2. HP: 19/26 MP: 7/7
  1058 | D:1      | Learned a level 2 spell: Blink
  1128 | D:1      | Reached XP level 3. HP: 31/31 MP: 9/9
  1235 | D:1      | Reached skill level 5 in Spellcasting
  1614 | D:2      | Found Saddoaj's Weapon Emporium.
  1736 | D:2      | Reached skill level 1 in Invocations
  1996 | D:2      | Found Pischuzepp's Jewellery Shoppe.
  2024 | D:2      | Reached skill level 1 in Short Blades
  2024 | D:2      | Reached skill level 1 in Axes
  2024 | D:2      | Reached skill level 1 in Maces & Flails
  2024 | D:2      | Reached skill level 1 in Polearms
  2024 | D:2      | Reached skill level 1 in Staves
  2024 | D:2      | Reached skill level 1 in Slings
  2024 | D:2      | Reached skill level 1 in Bows
  2024 | D:2      | Reached skill level 1 in Crossbows
  2024 | D:2      | Reached skill level 1 in Stealth
  2024 | D:2      | Reached skill level 1 in Shields
  2024 | D:2      | Reached skill level 1 in Unarmed Combat
  2024 | D:2      | Reached skill level 1 in Evocations
  2054 | D:2      | Found Hobosax's Magic Scroll Emporium.
  2259 | D:2      | Found Ockesisch's Magic Scroll Shoppe.
  2365 | D:2      | Found Wurofim's Distillery.
  2460 | D:2      | Reached XP level 4. HP: 15/38 MP: 11/11
  3098 | D:3      | Reached skill level 1 in Conjurations
  3098 | D:3      | Reached skill level 1 in Hexes
  3098 | D:3      | Reached skill level 1 in Summonings
  3098 | D:3      | Reached skill level 1 in Necromancy
  3098 | D:3      | Reached skill level 1 in Transmutations
  3098 | D:3      | Reached skill level 1 in Fire Magic
  3098 | D:3      | Reached skill level 1 in Ice Magic
  3098 | D:3      | Reached skill level 1 in Air Magic
  3098 | D:3      | Reached skill level 1 in Earth Magic
  3098 | D:3      | Reached skill level 1 in Poison Magic
  3182 | D:3      | Learned a level 3 spell: Gell's Gravitas
  3186 | D:3      | Learned a level 3 spell: Lesser Beckoning
  3190 | D:3      | Learned a level 3 spell: Teleport Other
  3393 | D:3      | Killed from afar by an orc wizard

Illustrated notes

Levels and vault maps discovered:
D:1:      scummos_arrival_gate, layout_loops_corners,
          shapermc_ecumenical_altar_acropolis
D:2:      minmay_recursive_quarters, layout_basic, serial_shops, shop,
          nicolae_shop_behind_doors, shop, shop, nicolae_shop_statue_plus
D:3:      layout_rooms, serial_bayou_pond_d

Skill      XL: |  1  2  3  4 |
---------------+-------------+-----
Spellcasting   | 5 |  5.1
Invocations    | 1 |  1.4
Short Blades   | 1 |  1.3
Axes           | 1 |  1.3
Maces & Flails | 1 |  1.3
Polearms       | 1 |  1.3
Staves         | 1 |  1.3
Slings         | 1 |  1.3
Bows           | 1 |  1.3
Crossbows      | 1 |  1.3
Stealth        | 1 |  1.3
Shields        | 1 |  1.3
Unarmed Combat | 1 |  1.3
Evocations     | 1 |  1.3
Conjurations   | 1 |  1.0
Hexes          | 1 |  1.0
Summonings     | 1 |  1.0
Necromancy     | 1 |  1.0
Transmutations | 1 |  1.0
Fire Magic     | 1 |  1.0
Ice Magic      | 1 |  1.0
Air Magic      | 1 |  1.0
Earth Magic    | 1 |  1.0
Poison Magic   | 1 |  1.0
Fighting       | |  4.7
Long Blades    | |  4.7
Throwing       | |  2.8
Armour         | |  2.8
Dodging        | |  4.7
Translocations | |  5.5

Action                   |  1- 3 |  4- 6 || total
-------------------------+-------+-------++-------
Melee: Falchion          |   113 |    95 ||   208
       Bite              |    11 |     8 ||    19
       Punch             |       |     1 ||     1
Armor: Leather armour    |    23 |    35 ||    58
       Ring mail         |    23 |       ||    23
Dodge: Dodged            |    98 |    76 ||   174
       Rpst.: Falchion   |    30 |    28 ||    58
